 Dungeon Crawl Stone Soup version 0.25-a0-804-g50c693f (webtiles) character file.

Game seed: 15309462993199965086, levelgen mode: deterministic

51 BlueFish the Magician (level 3, -3/26 HPs)
             Began as a Mummy Wizard on Apr 19, 2020.
             Slain by an orc wizard
             ... wielding a +0 dagger
              (4 damage)
             ... on level 2 of the Dungeon.
             The game lasted 00:02:46 (2488 turns).

BlueFish the Magician (Mummy Wizard)                Turns: 2488, Time: 00:02:46

Health: -3/26      AC:  4    Str: 10    XL:     3   Next: 58%
Magic:  1/9        EV: 12    Int: 18    God:
Gold:   56         SH:  0    Dex: 10    Spells: 1/11 levels left

rFire    x . .     SeeInvis .   f - +0 dagger
rCold    + . .     Gourm    .   (no shield)
rNeg     + + +     Faith    .   a - +0 robe
rPois    ∞         Spirit   .   b - +1 hat
rElec    .         Reflect  .   d - +0 cloak
rCorr    .         Harm     .   (no gloves)
MR       .....                  (no boots)
Stlth    +.........             (no amulet)
HPRegen  0.08/turn              (no ring)
MPRegen  0.11/turn              (no ring)

@: confused, very slightly contaminated
A: no food or potions, fire vulnerability, cold resistance 1, negative energy
resistance 3, torment resistance, unbreathing
a: no special abilities


You were on level 2 of the Dungeon.
You were not hungry.

You visited 1 branch of the dungeon, and saw 2 of its levels.

You collected 56 gold pieces.

Inventory:

Hand Weapons
 f - a +0 dagger (weapon)
Armour
 a - a +0 robe (worn)
 b - a +1 hat (worn)
 d - a +0 cloak (worn)
Scrolls
 c - a scroll of remove curse
 e - a scroll of teleportation {unknown}
 i - a scroll of fear


   Skills:
 * Level 1.0 Fighting
 + Level 0.6 Short Blades
 * Level 1.6 Dodging
 * Level 1.8 Stealth
 * Level 4.9 Spellcasting
 + Level 1.1 Conjurations
 + Level 0.7 Summonings
 + Level 0.7 Translocations


You had one spell level left.
You knew the following spells:

 Your Spells              Type           Power        Failure   Level  Hunger
a - Magic Dart            Conj           #...         9%          1    N/A
b - Blink                 Tloc           N/A          16%         2    N/A
c - Call Imp              Summ           #.......     16%         2    N/A
d - Slow                  Hex            #.......     21%         2    N/A
e - Mephitic Cloud        Conj/Pois/Air  #.......     34%         3    N/A

Your spell library contained the following spells:

 Spells                   Type           Power        Failure   Level  Hunger
 Conjure Flame            Conj/Fire      #.......     30%         3    N/A

Dungeon Overview and Level Annotations

Branches:
Dungeon (2/15)

Altars:


Innate Abilities, Weirdness & Mutations

You do not eat or drink.
Your flesh is vulnerable to fire.
You are immune to poison.
Your flesh is cold resistant. (rC+)
You are immune to negative energy. (rN+++)
You are immune to unholy pain and torment.
You can survive without breathing.


Message History

You miscast Mephitic Cloud.
Nothing appears to happen.
Something hits you.
You hit something. Something hits you.
You hit something but do no damage. Something hits you.
You miss something. Something hits you.
You closely miss something. Something hits you but does no damage.
You hit something. Something hits you.
You hit something but do no damage.
You hear some strange, mumbled words.
You are confused.
You miss something. Something barely misses you.
You bump into the rock wall.
Something hits you but does no damage.
You bump into the rock wall.
Something hits you.
You're too confused to move!
You hear some strange, mumbled words.
A puff of flame appears from out of thin air!
The puff of flame hits you! The fire burns you terribly!
* * * LOW HITPOINT WARNING * * *
You're too confused!
You closely miss something. Something hits you.
You die...

#o.# #......#.#... ##..#
#.#.%.##..... #...#
#######.##)#####... #o#.#
............# ##.# #.#.#
######.##..# #.# #.#..
#.#...#####.# #.####
#.#.......... ##.##
##############.#.........#
#...####..[..oo{@.....###########
#.#......##############
#...###### #####


You could see 2 orcs.

Vanquished Creatures
  An adder (D:2)
  2 dart slugs (D:1)
  An orc (D:2)
  A ball python (D:1)
  2 giant cockroaches (D:2)
  7 goblins
  6 hobgoblins
  5 kobolds (D:1)
  6 bats
  2 frilled lizards
  3 rats (D:1)
36 creatures vanquished.

Notes
Turn   | Place    | Note
-------+----------+-------------------------------------------
     0 | D:1      | BlueFish the Mummy Wizard began the quest for the Orb.
     0 | D:1      | Reached XP level 1. HP: 13/13 MP: 5/5
   349 | D:1      | Reached skill level 1 in Conjurations
   349 | D:1      | Reached XP level 2. HP: 16/20 MP: 0/7
   355 | D:1      | Learned a level 2 spell: Blink
   358 | D:1      | Learned a level 2 spell: Call Imp
   361 | D:1      | Learned a level 2 spell: Slow
  1058 | D:1      | Reached skill level 1 in Fighting
  1335 | D:1      | Reached XP level 3. HP: 19/26 MP: 2/9
  1340 | D:1      | Learned a level 3 spell: Mephitic Cloud
  2487 | D:2      | HP: 1/26 [something/puff of flame (7)]
  2488 | D:2      | Slain by an orc wizard

Levels and vault maps discovered:
D:1:      dpeg_arrival_subterranean_lakeside_camping, layout_basic
D:2:      minmay_diamond_boxcup, layout_loops_ring

Skill      XL: |  1  2 |
---------------+-------+-----
Conjurations   | 1 |  1.1
Fighting       | 1 |  1.0
Short Blades   | |  0.6
Dodging        | |  1.6
Stealth        | |  1.8
Spellcasting   | |  4.9
Summonings     | |  0.7
Translocations | |  0.7

Action                   || total
-------------------------++-------
Melee: Short sword       ||     4
       Dagger            ||    20
 Cast: Magic Dart        ||   100
  Use: Scroll            ||     3
Armor: Robe              ||     6
Dodge: Dodged            ||    18

Table legend:
 A = Non-vault XP
 B = Vault XP
 C = Vault XP percentage of total XP
 D = Non-vault monster count
 E = Vault monster count
 F = Vault count percentage of total count
                 A         B        C        D         E       F
            +---------+---------+-------+---------+---------+-------
      Total |      66 |       8 |  10.8 |      30 |       6 |  16.7
            +---------+---------+-------+---------+---------+-------
        D:1 |      38 |       8 |  17.4 |      21 |       6 |  22.2
        D:2 |      28 |       0 |   0.0 |       9 |       0 |   0.0
            +---------+---------+-------+---------+---------+-------
